Unix NetHack Version 5.0.0-0 post-release - last build Jul 14 2026 02:55:29 (1809b74e8187c3a3585e283601c3028b46cbbdcb,branch:main).

Game began 2026-07-17 03:51:30, ended 2026-07-17 04:02:33.

Brudee, chaotic female human Rogue

                                                      ---------.---    -----
                                                      |...........|    |...|
                    -----    ----------           ####-...........|    |...|
                    |...|    |........|           #   |...........|    |...|
                    |..<| ###-........|           #   |...........|   #-...|
                   #....| #  |........|           #   |...>..o....|   #---.-
                   #|.[{| #  |........|           #   ---.---------  ##   #
                   #|...-##  |........|        ####      #           #   ##
                   #-----    --.-----|-        #         #%###     ###   #
                   #           ##    #         #             ##   ##     B
                   #            #              #              #   #     -@---
                   #            #              #              #  ##     |?..|
                   ##           ####        ####          --.-|- #      |f@(|
                    #              #        #             |....| #      |+(.|
                    #       #############0  #             |....|##      |..(|
                    #           ---------.-##             |.....#       -----
                    ####0       +....:.....#              |....|
                                |.........|               ------
                                -----------

Brudee the Cutpurse     St:15 Dx:15 Co:15 In:8 Wi:13 Ch:9  Chaotic S:296
Dlvl:3  $:0  HP:0(23) Pw:5(5) AC:3  Xp:3/49 T:1467  Burdened

Latest messages:
 Sparky drops an expensive camera.
 Sparky picks up a key.
 You drop a figurine of a water nymph (unpaid, 107 zorkmids).
 You drop a scroll labeled KO BATE (unpaid, 107 zorkmids).
 You see here a key (for sale, 13 zorkmids).
 What do you want to drop? [$abd-qs-wyA or ?*] y
 You drop a parchment spellbook (unpaid, 267 zorkmids).
 You bought a blindfold for 27 gold pieces.
 "Thank you for shopping in Senna Hut's hardware store!"
 Sparky drops a key.
 You do not owe Senna Hut anything.
 Moreover, you have no gold.
 Sparky picks up a key.
 Sparky drops a key.
 "Hello, Brudee!  Welcome again to Senna Hut's hardware store!"
 Sparky picks up a key.
 Sparky drops a key.
 "Hello, Brudee!  Welcome again to Senna Hut's hardware store!"
 There is an open door here.
 You see here a key.
 The giant bat bites!
 The giant bat misses!
 You have a little trouble lifting C - a key.
 The giant bat misses!
 In what direction? k
 The dagger hits the giant bat.
 The giant bat bites!
 The giant bat misses!
 In what direction? k
 The dagger hits the giant bat.
 The giant bat bites!
 The giant bat bites!
 Sparky picks up a scroll labeled KO BATE.
 In what direction? k
 The dagger hits the giant bat.
 The giant bat bites!
 In what direction? k
 The dagger hits the giant bat.
 The giant bat bites!
 The giant bat bites!
 Sparky drops a scroll labeled KO BATE.
 What do you want to write with? [- abghu or ?*] -
 You write in the dust with your fingertip.
 What do you want to write in the dust here? Elbereth
 The giant bat bites!
 The giant bat bites!
 You die...
 Senna Hut gratefully inherits all your possessions.
 Do you want to see what you had when you died? [ynq] (y) y
 Do you want to see your attributes? [ynq] (y) q

Inventory:
 Weapons  (')')
  g - 10 +0 darts
  b - a +0 dagger (weapon in left hand)
  u - 6 +0 daggers (at the ready)
  a - a +0 short sword
 Armor    ('[')
  n - an uncursed +0 crystal plate mail (being worn)
 Comestibles  ('%')
  j - an uncursed cram ration
  i - 2 uncursed cream pies
  m - 3 uncursed food rations
  k - an uncursed lichen corpse
 Scrolls  ('?')
  v - an uncursed scroll of identify
  l - an uncursed scroll of teleportation
 Spellbooks  ('+')
  p - an uncursed spellbook of identify
 Potions  ('!')
  s - an uncursed potion of blindness
  w - an uncursed potion of enlightenment
  q - an uncursed potion of extra healing
  t - a cursed potion of see invisible
  d - an uncursed potion of sickness
  o - an uncursed potion of water
 Tools    ('(')
  f - an empty uncursed sack
  A - an uncursed blindfold
  e - an uncursed lock pick
  C - an uncursed skeleton key
 Gems/Stones  ('*')
  h - a cursed worthless piece of black glass

Brudee the Rogue's attributes:

Background:
 You were a Cutpurse, a level 3 female human Rogue.
 You were chaotic, on a mission for Kos
 who was opposed by Issek (lawful) and Mog (neutral).
 You were left-handed.
 You were in the Dungeons of Doom, on level 3.
 You entered the dungeon 1467 turns ago.
 It was nighttime.
 There was a new moon in effect when your adventure ended.
 You had 49 experience points, 31 more were needed to attain level 4.
 Your score was 296 before end-of-game adjustments.

Basics:
 You had 0 out of 23 hit points.
 You had all 5 energy points (spell power).
 Your armor class was 3.
 Your wallet was empty.
 Autopickup was on for '$!=+?/"' plus thrown.

Final Characteristics:
 Your strength was 15 (limit:18/100).
 Your dexterity was 15 (limit:18).
 Your constitution was 15 (limit:18).
 Your intelligence was 8 (limit:18).
 Your wisdom was 13 (limit:18).
 Your charisma was 9 (limit:18).

Final Status:
 You weren't hungry.
 You were burdened; movement was slightly slowed.
 You were wielding a dagger.
 You had basic skill with dagger.

Final Attributes:
 You were devoutly aligned.
 You were stealthy.
 You were guarded.
 You are dead.

Miscellaneous:
 You didn't encounter any bones levels.
 Total elapsed playing time was 11 minutes and 2 seconds.

Major events:
 Turn
    1: Brudee the chaotic female human Rogue entered the dungeon
 1265: attained the rank of Cutpurse (level 3)
 1467: killed by a giant bat

You didn't know any spells.

Skills:
 Fighting Skills
   bare handed combat [Unskilled]
   two weapon combat  [Unskilled]
   riding             [Unskilled]
 Weapon Skills
   dagger             [Basic]
   knife              [Unskilled]
   short sword        [Basic]
   broadsword         [Unskilled]
   long sword         [Unskilled]
   two-handed sword   [Unskilled]
   saber              [Unskilled]
   club               [Unskilled]
   mace               [Unskilled]
   morning star       [Unskilled]
   flail              [Unskilled]
   hammer             [Unskilled]
   polearms           [Unskilled]
   spear              [Unskilled]
   crossbow           [Unskilled]
   dart               [Unskilled]
   shuriken           [Unskilled]
 Spellcasting Skills
   divination spells  [Unskilled]
   escape spells      [Unskilled]
   matter spells      [Unskilled]

Voluntary challenges:
 Character rerolling was not enabled.
 You never genocided any monsters.
 You never polymorphed an object.
 You never changed form.
 You used no wishes.
Achievements:
 You entered a shop.
 You attained the rank of Cutpurse.

 The Dungeons of Doom: levels 1 to 3
    Level 1:
       A fountain.
    Level 2:
       A food shop, a grave.
    Level 3: <- You were here.
       A tool shop, a fountain.
       Final resting place for
          you, killed by a giant bat.


Vanquished creatures:
  a shrieker
 an acid blob
  3 giant rats
  a red mold
  2 jackals
  a fox
  2 kobolds
  2 sewer rats
  3 grid bugs
  2 lichens
  2 kobold zombies
  8 newts
28 creatures vanquished.

No species were genocided or became extinct.

Game over:
                       ----------
                      /          \
                     /    REST    \
                    /      IN      \
                   /     PEACE      \
                  /                  \
                  |      Brudee      |
                  |       0 Au       |
                  |   killed by a    |
                  |    giant bat     |
                  |                  |
                  |                  |
                  |       2026       |
                 *|     *  *  *      | *
        _________)/\\_//(\/(/\)/\//\/|_)_______

Goodbye Brudee the Rogue...

You died in The Dungeons of Doom on dungeon level 3 with 296 points,
and 0 pieces of gold, after 1467 moves.
You were level 3 with a maximum of 23 hit points when you died.

